 Dungeon Crawl Stone Soup version 0.30-b1-2-g02819fbbbe (webtiles) character file.

Game seed: 15081018891284971470

11562 LLlMATKO the Cleaver (level 11, -23/103 HPs)
             Began as a Minotaur Berserker on Aug 11, 2023.
             Was a High Priest of Trog.
             Annihilated by Erolcha
             ... wielding a +0 giant club
              (30 damage)
             ... on level 11 of the Dungeon on Aug 12, 2023.
             The game lasted 00:10:08 (10954 turns).

LLlMATKO the Cleaver (Minotaur Berserker)          Turns: 10954, Time: 00:10:08

Health: -23/103    AC: 15    Str: 26    XL:     11   Next: 50%
Magic:  10/10      EV: 10    Int:  4    God:    Trog [*****.]
Gold:   775        SH:  0    Dex: 10    Spells: 10/10 levels left

rFire   + . .        G - +0 battleaxe
rCold   + . .        (shield currently unavailable)
rNeg    . . .        C - +0 plate armour
rPois   .            (helmet restricted)
rElec   .            E - scarf {rC+ rF+}
rCorr   .            (no gloves)
SInv    .            (no boots)
Will    .....        w - amulet of regeneration Stlth
                     (no ring)
HPRegen 1.17/turn    (no ring)
MPRegen 0.12/turn

%: no passive effects
@: confused
A: horns 2, retaliatory headbutt
a: Renounce Religion, Berserk, Trog's Hand, Brothers in Arms


You were on level 11 of the Dungeon.
You worshipped Trog.
Trog was extremely pleased with you.
You visited 1 branch of the dungeon, and saw 11 of its levels.

You collected 775 gold pieces.

Inventory:

Hand Weapons
 a - a +0 hand axe of freezing
 p - a +0 spear of flaming
 t - a +0 war axe
 G - a +0 battleaxe (weapon)
 J - the +4 trident of Dissent {flame, rF++ rC- Str+4}
   (You found it on level 10 of the Dungeon)

   Str:       It affects your strength (+4).
   rF:        It greatly protects you from fire.
   rC:        It makes you vulnerable to cold.
Missiles
 d - 2 throwing nets (quivered)
Armour
 C - a +0 plate armour (worn)
 E - a scarf of resistance (worn)
Jewellery
 w - an amulet of regeneration (around neck)
Wands
 u - a wand of light (21)
 y - a wand of roots (9)
 I - a wand of polymorph (4)
 K - a wand of digging (3)
Scrolls
 b - 2 scrolls of fog {unknown}
 c - 4 scrolls of teleportation {unknown}
 f - a scroll of amnesia {unknown}
 i - 2 scrolls of noise {unknown}
 j - a scroll of brand weapon {unknown}
 l - 9 scrolls of identify {unknown}
 m - 3 scrolls of blinking {unknown}
 o - a scroll of torment {unknown}
 q - a scroll of fear {unknown}
 v - 2 scrolls of enchant weapon {unknown}
 x - 2 scrolls of acquirement {unknown}
 B - a scroll of immolation {unknown}
 D - 2 scrolls of magic mapping {unknown}
 F - a scroll of butterflies {unknown}
 H - a scroll of poison {unknown}
Potions
 e - 2 potions of brilliance {unknown}
 g - 8 potions of curing {unknown}
 h - 2 potions of heal wounds {unknown}
 k - 2 potions of flight {unknown}
 n - 3 potions of lignification {unknown}
 r - 3 potions of attraction {unknown}
 s - 3 potions of haste {unknown}
 z - 2 potions of degeneration {unknown}
 A - 2 potions of invisibility {unknown}
 L - a potion of experience {unknown}


   Skills:
 + Level 11.6 Fighting
 + Level 11.6 Axes
 + Level 11.3 Armour
 + Level 10.4 Dodging


You had 10 spell levels left.
You didn't know any spells.
Your spell library was empty.

Dungeon Overview and Level Annotations

Branches:
Dungeon (11/15)            Temple (0/1) D:4            Lair (0/5) D:9
    Orc (0/2) D:9

Altars:
Gozag
Hepliaklqana
Qazlal
Vehumet
Xom

Shops:
D:7 *

Annotations:
D:11 Erolcha


Innate Abilities, Weirdness & Mutations

You have a pair of horns on your head.
You reflexively headbutt those who attack you in melee.


Message History

The manticore claws you but does no damage.
The manticore barely misses you.
You hear a zap.
Your will is overpowered!
You are confused.
You bump into the metal wall.
The manticore bites you but does no damage.
The manticore claws you! The manticore barely misses you.
You hear a zap.
Something tries to affect you, but you resist.
Unknown command.
Found 17 gold pieces.
The manticore closely misses you. The manticore claws you. x2
Unknown command.
The manticore barely misses you.
The manticore claws you but does no damage. x2
You hear a zap.
Your will is overpowered!
You are more confused.
Unknown command.
The manticore bites you! The manticore claws you.
The manticore claws you but does no damage.
You hear a zap.
Your will is overpowered!
You are more confused.
Unknown command.
You barely miss the manticore.
The manticore is heavily wounded.
The manticore bites you!
* * * LOW HITPOINT WARNING * * *
The manticore misses you. The manticore claws you.
* * * LOW HITPOINT WARNING * * *
The manticore bites you but does no damage.
The manticore barely misses you. x2
You are too confused!
Something hits you!!
* * * LOW HITPOINT WARNING * * *
The manticore barely misses you. x2; The manticore claws you.
* * * LOW HITPOINT WARNING * * *
You are too confused!
You closely miss something. You hit the manticore but do no damage.
Something hits you!!
You die...

....#....# ....#....#
#.....# ....+>...#
#....$# ....#....#
#.....# ....#....#
#.....# ....#....#
#.....# ...##....#
#.....# ...##....#
#.....# ........##
#@...# ........##
##.H..#
.........#....#.....#
.........#....#.....#
#####....#....#.....#
...##....#....#.....#
....#....#....#.....#
^).##...##)...#.....#
...##...##....##....#


You could see a manticore.

Vanquished Creatures
  5 two-headed ogres
  An ugly thing (D:11)
  An unseen horror (D:11)
  4 trolls
  A hornet (D:10)
  2 shadows
  5 yaks (D:11)
  A vampire (D:11)
  A wraith (D:9)
  A wyvern (D:10)
  Grum (D:10)
  2 steam dragons
  Duvessa (D:6)
  5 water moccasins
  5 orc warriors
  5 black bears
  3 ice beasts
  2 ogres
  2 centaurs
  6 wolves
  3 bullfrogs
  2 kobold brigands
  A scorpion (D:7)
  3 wights (D:7)
  Dowan (D:6)
  7 killer bees
  3 howler monkeys
  7 electric eels (D:9)
  6 hounds
  2 jellies
  6 orc priests
  2 sleepcaps (D:6)
  2 iguanas
  12 orc wizards
  Robin (D:3)
  13 adders
  3 gnolls (D:5)
  2 shadow imps
  A white imp (D:7)
  An ufetubus (D:6)
  A dart slug (D:4)
  46 orcs
  A bat (D:2)
  7 endoplasms
  4 giant cockroaches
  11 goblins
  8 hobgoblins
  5 jackals
  20 kobolds
  4 quokkas
  4 ball pythons
  3 frilled lizards
  6 rats
  A spectral hobgoblin (D:10)
253 creatures vanquished.

Vanquished Creatures (others)
  An orc (D:9)
1 creature vanquished.

Grand Total: 254 creatures vanquished

Notes
Turn   | Place    | Note
-------+----------+-------------------------------------------
     0 | D:1      | LLlMATKO the Minotaur Berserker began the quest for the
                  | Orb.
     0 | D:1      | Reached XP level 1. HP: 19/19 MP: 0/0
   298 | D:1      | Reached XP level 2. HP: 21/27 MP: 1/1
  1163 | D:2      | Reached XP level 3. HP: 33/33 MP: 2/2
  1346 | D:2      | Found a faded altar of an unknown god.
  1936 | D:3      | Reached XP level 4. HP: 38/41 MP: 3/3
  1936 | D:3      | Reached ** piety under Trog
  1947 | D:3      | Noticed Robin
  1958 | D:3      | Killed Robin
  2596 | D:3      | Reached XP level 5. HP: 32/47 MP: 4/4
  3101 | D:4      | Noticed a black bear
  3111 | D:4      | Killed a black bear
  3112 | D:4      | Reached skill level 5 in Fighting
  3112 | D:4      | Reached skill level 5 in Axes
  3112 | D:4      | Reached XP level 6. HP: 56/56 MP: 5/5
  3112 | D:4      | You fall into a shaft and drop 2 floors!
  3149 | D:6      | Noticed an ice beast
  3157 | D:6      | Killed an ice beast
  3202 | D:5      | Entered Level 5 of the Dungeon
  3375 | D:5      | Identified the +1 robe "Xenuz" {Drain Fly Str+8 Archmagi}
  3401 | D:5      | Noticed a water moccasin
  3410 | D:5      | Killed a water moccasin
  3411 | D:5      | Reached skill level 5 in Armour
  3411 | D:5      | Reached XP level 7. HP: 62/62 MP: 6/6
  3711 | D:4      | Found a staircase to the Ecumenical Temple.
  3761 | D:4      | Reached skill level 5 in Dodging
  3970 | D:4      | Found a radiant altar of Vehumet.
  3973 | D:4      | Found a stormy altar of Qazlal.
  4052 | D:4      | Reached *** piety under Trog
  4458 | D:5      | Reached XP level 8. HP: 46/71 MP: 7/7
  4922 | D:6      | Noticed Dowan
  4931 | D:6      | Killed Dowan
  5241 | D:6      | Noticed Duvessa
  5252 | D:6      | Killed Duvessa
  5284 | D:6      | Noticed a two-headed ogre
  5294 | D:6      | Killed a two-headed ogre
  5295 | D:6      | Reached XP level 9. HP: 18/82 MP: 8/8
  5933 | D:7      | Found Haicih's Assorted Antiques.
  7299 | D:8      | Reached **** piety under Trog
  7309 | D:8      | Reached XP level 10. HP: 79/91 MP: 9/9
  7410 | D:8      | Found a shimmering altar of Xom.
  7946 | D:9      | Noticed a two-headed ogre
  7954 | D:9      | Killed a two-headed ogre
  8217 | D:9      | Found a staircase to the Orcish Mines.
  8266 | D:9      | Reached skill level 10 in Fighting
  8266 | D:9      | Reached skill level 10 in Axes
  8583 | D:9      | Found a staircase to the Lair.
  8652 | D:9      | Noticed a two-headed ogre
  8664 | D:9      | Killed a two-headed ogre
  8665 | D:9      | Reached skill level 10 in Armour
  8746 | D:9      | Reached ***** piety under Trog
  8812 | D:9      | Found an opulent altar of Gozag.
  9021 | D:9      | Noticed a two-headed ogre
  9031 | D:9      | Killed a two-headed ogre
  9127 | D:10     | Entered Level 10 of the Dungeon
  9134 | D:10     | Reached XP level 11. HP: 96/101 MP: 10/10
  9303 | D:10     | Identified the +4 trident of Dissent {flame, rF++ rC-
                  | Str+4}
  9358 | D:10     | Noticed a two-headed ogre
  9368 | D:10     | Killed a two-headed ogre
  9570 | D:10     | Noticed Grum
  9581 | D:10     | Killed Grum
  9931 | D:10     | Reached skill level 10 in Dodging
  9976 | D:10     | Found a hazy altar of Hepliaklqana.
 10011 | D:10     | Paralysed by a hornet for 2 turns
 10460 | D:11     | Noticed a purple ugly thing
 10464 | D:11     | Killed a purple ugly thing
 10738 | D:11     | Identified the orb "Wiopleb" {*channel, Rampage rPois rC-}
 10934 | D:11     | Noticed Erolcha
 10954 | D:11     | Annihilated by Erolcha

Illustrated notes

Levels and vault maps discovered:
D:1:      sevenhm_arrival_forest_fort_large_4, layout_loops_corners,
          dk_noncrumbling_3
D:2:      minmay_chambers_of_twos, layout_basic,
          dreamdust_ecumenical_altar_angels_and_demons, glass_columns_b,
          minmay_three_crescents
D:3:      layout_loops_corners, minmay_ruptured, uniq_robin
D:4:      layout_rooms, chequers_temple_overflow_statue_of_worship,
          minmay_temple_entry_glassed_door
D:5:      layout_basic, serial_glass, glass_columns_a, glass_columns_a
D:6:      layout_cave_pools, minmay_misc_feat_tiny, uniq_duvessa
D:7:      layout_basic, serial_shops, kennysheep_mini_moat
D:8:      layout_loops_ring, mainiacjoe_overflow_24_doors,
          amcnicky_mini_corridor_feature
D:9:      layout_loops_ring, pf_just_have_faith, erik_lair_island, erik_orc_2
D:10:     layout_long_grid, nicolae_hepliaklqana_monster_ancestors, uniq_grum
D:11:     layout_gridville, uniq_erolcha

Skill      XL: |  1  2  3  4  5  6  7  8  9 10 11 |
---------------+----------------------------------+-----
Fighting       | 4 5 6 8 9 10 11 | 11.6
Axes           | 4 5 6 8 9 10 11 | 11.6
Armour         | 3 4 5 7 8 10 11 | 11.3
Dodging        | 3 4 5 7 8 9 10 | 10.4

Action                     |  1- 3 |  4- 6 |  7- 9 | 10-12 || total
---------------------------+-------+-------+-------+-------++-------
  Melee: Hand axe          |    80 |   114 |   249 |   220 ||   663
         Headbutt          |    12 |    24 |    56 |    68 ||   160
         War axe           |       |    21 |       |       ||    21
         Punch             |       |       |     4 |     4 ||     8
         Battleaxe         |       |       |       |    65 ||    65
         Trident           |       |       |       |     5 ||     5
  Throw: Throwing net      |       |       |       |     2 ||     2
 Invoke: Berserk           |     1 |     3 |     3 |     6 ||    13
 Armour: Animal skin       |     4 |       |       |       ||     4
         Scale mail        |    27 |    36 |       |       ||    63
         Chain mail        |       |    21 |    66 |       ||    87
         Plate armour      |       |       |    63 |   138 ||   201
  Dodge: Dodged            |    43 |    52 |   122 |   144 ||   361
